 Dungeon Sprint DCSS version 0.28-a0-381-g937acc2988 (webtiles) character file.

Game seed: 18430886281292329502

50877 Ankalagon the Warrior (level 14, -5/127 HPs)
             Began as a Naga Berserker on Sept 1, 2021.
             Was the Champion of Trog.
             Slain by a quicksilver dragon (8 damage)
             ... in the Dungeon (Sprint II: "The Violet Keep of Menkaure").
             The game lasted 00:23:16 (4619 turns).

Ankalagon the Warrior (Naga Berserker)              Turns: 4619, Time: 00:23:17

Health: -5/127     AC: 26    Str: 25    XL:     14   Next: 57%
Magic:  1/9        EV: 11    Int: 19    God:    Trog [******]
Gold:   1981       SH: 21    Dex: 15    Spells: 13/13 levels left

rFire   + + +      SeeInvis +   i - +3 demon trident (elec)
rCold   + + .      Faith    .   s - +6 kite shield "Bywnef" {rF- rC+ Int+7}
rNeg    + + .      Spirit   .   e - +0 storm dragon scales
rPois   +          Reflect  .   G - +1 helmet {Int+3}
rElec   +          Harm     .   A - scarf {repulsion}
rCorr   +          Rampage  .   (no gloves)
Will    +++..      NoTele   +   u - +1 barding {Fly}
Stlth   ..........              w - amulet of regeneration
HPRegen 1.00/turn               D - ring "Tastoirph" {rC+ rN+ rCorr Str+3}
MPRegen 0.11/turn               C - ring "Gemerod" {rF+++ rN+ Str+4 Dex+3}

@: strong-willed, flying, regenerating, repel missiles, unable to read, very
slow
A: AC +4, large, see invisible, deformed body, poison resistance, slowness 2,
spit poison 1, naga tail 2, stinger 1, large bone plates 1, clumsy 1, fire
resistance 1, frail 2, low mp 3, inhibited regeneration, weak 1, subdued magic 1
a: Spit Poison, Renounce Religion, Berserk, Trog's Hand, Brothers in Arms


You were in the Dungeon.
You worshipped Trog.
Trog was exalted by your worship.
You visited 1 branch You collected 5883 gold pieces.
You spent 3902 gold pieces at shops.

Inventory:

Hand Weapons
 a - a +0 spear
 d - a +2 antimagic halberd {god gift}
 i - a +3 demon trident of electrocution (weapon)
 B - a +4 antimagic great mace {god gift}
 F - a +9 vorpal halberd {god gift}
Missiles
 p - 2 throwing nets
Armour
 e - +0 storm dragon scales (worn)
 k - the +0 ring mail of Inquiry {rN+}
   (You bought it in a shop in the Dungeon)

   rN:        It protects you from negative energy.
 s - the +6 kite shield "Bywnef" (worn) {rF- rC+ Int+7}
   (You acquired it in the Dungeon)

   Int:       It affects your intelligence (+7).
   rF:        It makes you vulnerable to fire.
   rC:        It protects you from cold.
 u - a +1 barding of flying (worn)
 A - a scarf of repulsion (worn)
 G - a +1 helmet of intelligence (worn)
Jewellery
 l - an amulet of magic regeneration
 q - a +4 ring of evasion
 v - an amulet of guardian spirit
 w - an amulet of regeneration (around neck)
 C - the ring "Gemerod" (right hand) {rF+++ rN+ Str+4 Dex+3}
   (You bought it in a shop in the Dungeon)

   [ring of positive energy]

   Str:       It affects your strength (+4).
   Dex:       It affects your dexterity (+3).
   rF:        It renders you almost immune to fire.
   rN:        It protects you from negative energy.
 D - the ring "Tastoirph" (left hand) {rC+ rN+ rCorr Str+3}
   (You bought it in a shop in the Dungeon)

   [ring of positive energy]

   Str:       It affects your strength (+3).
   rC:        It protects you from cold.
   rN:        It protects you from negative energy.
   rCorr:     It protects you from acid and corrosion.
Scrolls
 h - 4 scrolls of blinking
 j - a scroll of magic mapping
 m - 2 scrolls of identify
 n - a scroll of fear
 r - 2 scrolls of amnesia
 y - a scroll of immolation
 z - a scroll of vulnerability
 I - 3 scrolls of fog
 J - a scroll of torment
Potions
 b - a potion of attraction
 c - 9 potions of flight
 f - 5 potions of magic
 g - a potion of berserk rage
 o - a potion of invisibility
 t - 3 potions of resistance
 x - 2 potions of curing
 H - 2 potions of ambrosia {unknown}
 K - a potion of lignification {unknown}
 L - 26 potions of mutation
Miscellaneous
 E - a lightning rod (4/4) (quivered)
 M - a piece from Xom's chessboard (15/15)


   Skills:
 - Level 19.5 Fighting
 - Level 14.0 Polearms
 + Level 14.6 Armour
 + Level 16.1 Dodging
 - Level 9.0 Shields
 - Level 15.3 Evocations


You had 13 spell levels left.
You didn't know any spells.
Your spell library was empty.

Dungeon Overview and Level Annotations

Branches:
Dungeon (1/1)

Altars:
Cheibriados
Dithmenos
Elyvilon
Fedhas
Gozag
Hepliaklqana
Kikubaaqudgha
Makhleb
Nemelex Xobeh
Okawaru
Qazlal
Ru
Sif Muna
Trog
Uskayaw
Vehumet
Wu Jian
Xom
Yredelemnul
Zin
The Shining One
Beogh
Jiyva
Lugonu

Shops:
D :(:((:::[[[==!:=!?[(!?=[[?**(?*

Annotations:
D exclusion: oklob plant


Innate Abilities, Weirdness & Mutations

Your serpentine skin is tough. (AC +4)
You have supernaturally acute eyesight. (SInv)
Armour fits poorly on your strangely shaped body.
Your system is resistant to poisons. (rPois)
You cover ground very slowly.
You can spit poison.
You can use your snake-like lower body to constrict enemies.
Your tail ends in a poisonous barb.
You are partially covered in large bone plates. (SH +4)
You are clumsy. (Dex -2)
Your flesh is heat resistant. (rF+)
You are very frail. (-20% HP)
Your magical capacity is extremely low. (-30% MP)
You do not regenerate when monsters are visible.
You are weak. (Str -2)
Your spells are a little easier to cast, but a little less powerful.


Message History

The quicksilver dragon claws you but does no damage.
Unknown command.
Unknown command.
You block the quicksilver dragon's attack.
The quicksilver dragon claws you!
The quicksilver dragon breathes dispelling energy at you.
The bolt of dispelling energy hits you!
* * * LOW HITPOINT WARNING * * *
The quicksilver dragon bites you but does no damage.
The quicksilver dragon barely misses you.
Unknown command.
Okay, then.
Unknown command.
You cannot read scrolls in your current state!
Your skin crawls.
You feel strong-willed.
You block the quicksilver dragon's attack. x2
The quicksilver dragon breathes dispelling energy at you.
The bolt of dispelling energy hits you.
* * * LOW HITPOINT WARNING * * *
The quicksilver dragon bites you!
* * * LOW HITPOINT WARNING * * *
You block the quicksilver dragon's attack.
The quicksilver dragon bites you.
* * * LOW HITPOINT WARNING * * *
The quicksilver dragon claws you but does no damage.
Unknown command.
Unknown command.
Okay, then.
Unknown command.
It was a potion of mutation.
You feel extremely strange.
You can once more read scrolls while threatened.
You feel robust.
Large bone plates grow over parts of your arms.
A poisonous barb forms on the end of your tail.
You block the quicksilver dragon's attack.
The quicksilver dragon claws you!
* * * LOW HITPOINT WARNING * * *
The quicksilver dragon bites you!
You die...

***********▓▓▓▓▓▓▓▓▓▓
+,,**,,,,,*♣.$$DD♣♣.▓
*,**,,*,,,*♣$.$♣@♣♣.▓
▓,**,,**,,*♣$$♣♣..♣.▓
▓,**,,**,,♣.2.*♣....▓
▓,*,,,**,$D...*♣....▓
▓,,,,,**▓▓▓▓▓▓▓▓''▓▓▓#
▓▓▓▓▓▓*▓▓▓▓▓▓........#
§≈≈≈≈▓▓▓^...▓.''''''.#
▓▓▓▓▓▓▓▓'▓▓.▓.'§..≈'.#
(((..▓▓...▓.▓.'≈..≈'.#


You could see 2 quicksilver dragons.

Vanquished Creatures
  A golden dragon (D)
  A bone dragon (D)
  A hellephant (D)
  A deep elf blademaster (D)
  A deep elf master archer (D)
  A kraken (D)
  Kirke (D)
  2 sphinxes (D)
  A cacodemon (D)
  A draconian shifter (D)
  2 lorocyprocas (D)
  A crystal guardian (D)
  A great orb of eyes (D)
  2 boulder beetles (D)
  A centaur warrior (D)
  2 hell hogs (D)
  A skeletal warrior (D)
  Sonja (D)
  2 death drakes (D)
  2 deep trolls (D)
  An obsidian statue (D)
  A glowing orange brain (D)
  A harpy (D)
  15 shining eyes (D)
  An eye of devastation (D)
  2 cane toads (D)
  A yaktaur (D)
  A kobold demonologist (D)
  3 polar bears (D)
  A hornet (D)
  3 slime creatures (D)
  A blink frog (D)
  2 redbacks (D)
  6 flying skulls (D)
  7 wyverns (D)
  4 neqoxecs (D)
  4 water moccasins (D)
  2 swamp drakes (D)
  10 floating eyes (D)
  A necrophage (D)
  4 scorpions (D)
  9 electric eels (D)
  An iron imp (D)
  2 tentacles (D)
109 creatures vanquished.

Vanquished Creatures (collateral kills)
  A golden dragon (D)
  A storm dragon (D)
  An elephant (D)
3 creatures vanquished.

Vanquished Creatures (others)
  A storm dragon (D)
  A frost giant (D)
  A deep elf high priest (D)
  A yaktaur captain (D)
  Menkaure (D)
  A water moccasin (D)
  12 tentacles (D)
18 creatures vanquished.

Grand Total: 130 creatures vanquished

Notes
Turn   | Place    | Note
-------+----------+-------------------------------------------
     0 | D        | Ankalagon the Naga Berserker began the quest for the Orb.
     0 | D        | Reached XP level 1. HP: 21/21 MP: 1/1
     1 | D        | Noticed a neqoxec
     3 | D        | Killed Menkaure
     4 | D        | Gained mutation: Your flesh is heat resistant. (rF+) [a
                  | neqoxec]
    10 | D        | Killed a neqoxec
    11 | D        | Reached skill level 7 in Fighting
    11 | D        | Reached XP level 2. HP: 37/37 MP: 2/2
    11 | D        | Reached XP level 3. HP: 43/43 MP: 3/3
    11 | D        | Reached XP level 4. HP: 51/51 MP: 4/4
    11 | D        | Reached XP level 5. HP: 57/57 MP: 5/5
   118 | D        | Noticed a neqoxec
   118 | D        | Noticed a neqoxec
   118 | D        | Noticed a neqoxec
   127 | D        | Gained mutation: You sometimes lose the ability to read
                  | scrolls when taking damage. [a neqoxec]
   129 | D        | Killed a neqoxec
   129 | D        | Reached ** piety under Trog
   130 | D        | Reached skill level 9 in Fighting
   130 | D        | Reached XP level 6. HP: 69/69 MP: 6/6
   141 | D        | Killed a neqoxec
   142 | D        | Reached skill level 10 in Fighting
   142 | D        | Reached skill level 10 in Polearms
   145 | D        | Gained mutation: Your magical capacity is low. (-10% MP) [a
                  | neqoxec]
   158 | D        | Killed a neqoxec
   159 | D        | Reached XP level 7. HP: 25/80 MP: 6/6
   390 | D        | Noticed a boulder beetle
   390 | D        | Noticed a boulder beetle
   393 | D        | Noticed a wyvern
   393 | D        | Noticed a wyvern
   402 | D        | Reached skill level 11 in Fighting
   408 | D        | Reached *** piety under Trog
   557 | D        | Killed a wyvern
   558 | D        | Reached skill level 12 in Fighting
   558 | D        | Reached XP level 8. HP: 91/91 MP: 7/7
   567 | D        | Killed a wyvern
   651 | D        | Found Ugec's Magic Scroll Shoppe.
   651 | D        | Found Dodetuaq's Antique Armour Shoppe.
   651 | D        | Found Ynutorph's Distillery.
   651 | D        | Found Ropath's Assorted Antiques.
   651 | D        | Found Atiu's Jewellery Emporium.
   652 | D        | Found Locsezoo's Magic Scroll Emporium.
   652 | D        | Found Ravam's Antique Weapon Shoppe.
   652 | D        | Found Raisowk's Antique Armour Emporium.
   652 | D        | Found Uvacumeu's Jewellery Shoppe.
   652 | D        | Found Ritwiluk's Jewellery Emporium.
   653 | D        | Found Baaret's Antique Armour Shoppe.
   653 | D        | Found Segiam's Book Emporium.
   654 | D        | Found Rirat's Armour Shoppe.
   654 | D        | Found Dicwurghomp's Distillery.
   656 | D        | Noticed an oklob plant
   673 | D        | Reached **** piety under Trog
   674 | D        | Found Yfe Fux's Book Shoppe.
   768 | D        | Noticed a blink frog
   788 | D        | Killed a blink frog
   789 | D        | Reached skill level 13 in Fighting
  1035 | D        | Noticed a polar bear
  1035 | D        | Noticed a polar bear
  1062 | D        | Bought a scroll of acquirement for 572 gold pieces
  1062 | D        | Acquired a +0 demon trident of electrocution
  1067 | D        | Bought a +0 helmet for 49 gold pieces
  1111 | D        | Killed a boulder beetle
  1112 | D        | Reached XP level 9. HP: 103/103 MP: 8/8
  1118 | D        | Killed a boulder beetle
  1119 | D        | Reached skill level 14 in Fighting
  1320 | D        | Bought a scorched ring mail for 243 gold pieces
  1320 | D        | Identified the +0 ring mail of Inquiry {rN+} (You bought it
                  | in a shop in the Dungeon)
  1355 | D        | Found an iron altar of Okawaru.
  1355 | D        | Found an opulent altar of Gozag.
  1356 | D        | Found a sparkling altar of Nemelex Xobeh.
  1356 | D        | Found a blossoming altar of Fedhas.
  1357 | D        | Found a radiant altar of Vehumet.
  1357 | D        | Found a burning altar of Makhleb.
  1357 | D        | Found a white marble altar of Elyvilon.
  1358 | D        | Found a hide-covered altar of Uskayaw.
  1358 | D        | Found a corrupted altar of Lugonu.
  1358 | D        | Found a shadowy altar of Dithmenos.
  1359 | D        | Found a glowing silver altar of Zin.
  1359 | D        | Found a bloodstained altar of Trog.
  1359 | D        | Found an ancient bone altar of Kikubaaqudgha.
  1360 | D        | Found a basalt altar of Yredelemnul.
  1360 | D        | Found a shimmering blue altar of Sif Muna.
  1360 | D        | Found a viscous altar of Jiyva.
  1361 | D        | Found a shimmering altar of Xom.
  1361 | D        | Found a sacrificial altar of Ru.
  1363 | D        | Found a glowing golden altar of the Shining One.
  1363 | D        | Found an ornate altar of the Wu Jian Council.
  1363 | D        | Found a stormy altar of Qazlal.
  1363 | D        | Found a snail-covered altar of Cheibriados.
  1363 | D        | Found a hazy altar of Hepliaklqana.
  1363 | D        | Noticed a hornet
  1363 | D        | Noticed a polar bear
  1363 | D        | Noticed a polar bear
  1364 | D        | Noticed a yaktaur
  1371 | D        | Killed a polar bear
  1376 | D        | Killed a hornet
  1379 | D        | Killed a polar bear
  1380 | D        | Reached skill level 15 in Fighting
  1380 | D        | Reached XP level 10. HP: 115/115 MP: 9/9
  1383 | D        | Reached ***** piety under Trog
  1629 | D        | Noticed a kraken
  2171 | D        | Killed a kraken
  2172 | D        | Reached skill level 16 in Fighting
  2172 | D        | Reached skill level 5 in Armour
  2210 | D        | Noticed a deep troll
  2210 | D        | Noticed a deep troll
  2216 | D        | Killed a deep troll
  2219 | D        | Killed a deep troll
  2220 | D        | Reached skill level 10 in Dodging
  2220 | D        | Reached XP level 11. HP: 83/127 MP: 9/9
  2335 | D        | Noticed an obsidian statue
  2338 | D        | Noticed Kirke
  2338 | D        | Noticed a skeletal warrior
  2339 | D        | Noticed a yaktaur captain
  2351 | D        | Noticed a lindwurm
  2355 | D        | Killed Kirke
  2355 | D        | Received a gift from Trog
  2356 | D        | Reached skill level 17 in Fighting
  2367 | D        | Killed a skeletal warrior
  2371 | D        | Noticed a centaur warrior
  2376 | D        | Killed a centaur warrior
  2377 | D        | Noticed a golden dragon
  2392 | D        | Killed a golden dragon
  2393 | D        | Reached skill level 18 in Fighting
  2396 | D        | Reached XP level 12. HP: 40/139 MP: 10/10
  2427 | D        | Killed a deep elf high priest
  2462 | D        | Killed a frost giant
  2479 | D        | Noticed a cacodemon
  2496 | D        | Noticed a bone dragon
  2499 | D        | Gained mutation: Your magical capacity is very low. (-20%
                  | MP) [a cacodemon]
  2501 | D        | Killed a cacodemon
  2502 | D        | Reached skill level 10 in Armour
  2517 | D        | Killed a yaktaur captain
  2526 | D        | Noticed a storm dragon
  2543 | D        | Killed a storm dragon
  2711 | D        | Noticed a soul eater
  2754 | D        | Received a gift from Trog
  2767 | D        | Reached skill level 19 in Fighting
  2783 | D        | Reached ****** piety under Trog
  2899 | D        | Found Donegemp's Book Emporium.
  2899 | D        | Found Pyvops's Weapon Shop.
  2899 | D        | Found Jinkymp's Weapon Shop.
  2899 | D        | Found Paumm's Weapon Shoppe.
  2899 | D        | Found Ziarr's Book Boutique.
  2900 | D        | Found Gyvovouc's Book Shoppe.
  2900 | D        | Found Xira's Armour Boutique.
  2900 | D        | Found Zuaxt's Book Emporium.
  2900 | D        | Found Elo Wea's Distillery.
  2900 | D        | Found Will's Antique Armour Emporium.
  2900 | D        | Found Wegifos's Jewellery Shop.
  2900 | D        | Found Biud's Magic Scroll Shoppe.
  2908 | D        | Bought a scroll of acquirement for 572 gold pieces
  2908 | D        | Acquired 1117 gold pieces
  2909 | D        | Acquired a +0 barding of flying
  2951 | D        | Bought the ring "Gemerod" {rF+++ rN+ Str+4 Dex+3} for 843
                  | gold pieces
  2954 | D        | Bought the ring "Tastoirph" {rC+ rN+ rCorr Str+3} for 550
                  | gold pieces
  3013 | D        | Killed a bone dragon
  3075 | D        | Reached skill level 1 in Evocations
  3082 | D        | Received a gift from Trog
  3111 | D        | Noticed a sphinx
  3111 | D        | Noticed a sphinx
  3124 | D        | Killed a sphinx
  3126 | D        | Killed a sphinx
  3126 | D        | Received a gift from Trog
  3127 | D        | Gained mutation: You can use your snake-like lower body to
                  | constrict enemies. [Naga growth]
  3127 | D        | Reached XP level 13. HP: 151/151 MP: 10/10
  3168 | D        | Noticed a crystal guardian
  3195 | D        | Killed a crystal guardian
  3196 | D        | Reached skill level 10 in Evocations
  3373 | D        | Received a gift from Trog
  3375 | D        | Gained mutation: You are clumsy. (Dex -2) [a shining eye]
  3644 | D        | Found Bausunnu's Assorted Antiques.
  3644 | D        | Found Geykianops's Magic Scroll Shoppe.
  3644 | D        | Found Fioj's Antique Weapon Emporium.
  3644 | D        | Found Ufellaq's Assorted Antiques.
  3644 | D        | Noticed a storm dragon
  3663 | D        | Killed a storm dragon
  3731 | D        | Bought a transparent hat for 243 gold pieces
  3731 | D        | Identified the -2 hat of the Sky {rC+ rCorr} (You bought it
                  | in a shop in the Dungeon)
  3764 | D        | Bought a runed helmet for 172 gold pieces
  3798 | D        | Noticed a golden dragon
  3818 | D        | Killed a golden dragon
  3819 | D        | Reached skill level 15 in Evocations
  3837 | D        | Acquired the +6 kite shield "Bywnef" {rF- rC+ Int+7}
  3848 | D        | Acquired 534 gold pieces
  3849 | D        | Acquired 1034 gold pieces
  3920 | D        | Noticed a deep elf master archer
  3931 | D        | HP: 11/226 [deep elf master archer/arrow (38)]
  3932 | D        | Killed a deep elf master archer
  4031 | D        | Noticed a great orb of eyes
  4036 | D        | Killed a great orb of eyes
  4036 | D        | Received a gift from Trog
  4071 | D        | Noticed a hellephant
  4073 | D        | Noticed a yellow draconian shifter
  4073 | D        | Noticed Sonja
  4095 | D        | Killed a hellephant
  4125 | D        | Reached XP level 14. HP: 152/159 MP: 11/11
  4140 | D        | Killed a yellow draconian shifter
  4154 | D        | Killed Sonja
  4154 | D        | Received a gift from Trog
  4216 | D        | Bought 2 scrolls of enchant weapon for 180 gold pieces
  4216 | D        | Bought a scroll of magic mapping for 42 gold pieces
  4217 | D        | Bought a scroll of fog for 24 gold pieces
  4217 | D        | Bought a scroll of identify for 24 gold pieces
  4259 | D        | Bought a scroll of enchant weapon for 97 gold pieces
  4259 | D        | Bought a scroll of blinking for 97 gold pieces
  4259 | D        | Bought a scroll of fear for 45 gold pieces
  4259 | D        | Bought a scroll of fog for 26 gold pieces
  4259 | D        | Bought a scroll of fog for 26 gold pieces
  4259 | D        | Bought a scroll of torment for 97 gold pieces
  4330 | D        | Noticed a deep elf blademaster
  4353 | D        | Killed a deep elf blademaster
  4355 | D        | Received a gift from Trog
  4387 | D        | Gained mutation: You do not regenerate when monsters are
                  | visible. [a shining eye]
  4388 | D        | Paralysed by a floating eye for 3 turns
  4388 | D        | Gained mutation: You are weak. (Str -2) [a shining eye]
  4394 | D        | Paralysed by a floating eye for 4 turns
  4402 | D        | Paralysed by a floating eye for 3 turns
  4407 | D        | Paralysed by a floating eye for 2 turns
  4410 | D        | Paralysed by a floating eye for 3 turns
  4416 | D        | Received a gift from Trog
  4417 | D        | Reached skill level 15 in Dodging
  4422 | D        | Received a gift from Trog
  4471 | D        | Gained mutation: Your magical capacity is extremely low.
                  | (-30% MP) [a shining eye]
  4475 | D        | Gained mutation: You are robust. (+10% HP) [a shining eye]
  4496 | D        | Lost mutation: You are robust. (+10% HP) [a shining eye]
  4499 | D        | Gained mutation: You are frail. (-10% HP) [a shining eye]
  4507 | D        | Gained mutation: You are very frail. (-20% HP) [a shining
                  | eye]
  4507 | D        | Paralysed by a floating eye for 3 turns
  4511 | D        | Paralysed by a floating eye for 3 turns
  4516 | D        | Paralysed by a floating eye for 2 turns
  4521 | D        | Paralysed by a floating eye for 4 turns
  4527 | D        | Paralysed by a floating eye for 2 turns
  4531 | D        | Paralysed by a floating eye for 2 turns
  4534 | D        | Received a gift from Trog
  4534 | D        | Gained mutation: You are extremely frail. (-30% HP) [a
                  | shining eye]
  4535 | D        | Lost mutation: You are extremely frail. (-30% HP) [a
                  | shining eye]
  4556 | D        | Gained mutation: Your spells are a little easier to cast,
                  | but a little less powerful. [a shining eye]
  4559 | D        | Gained mutation: You are extremely frail. (-30% HP) [a
                  | shining eye]
  4572 | D        | Noticed a lorocyproca
  4581 | D        | Killed a lorocyproca
  4598 | D        | Noticed a lorocyproca
  4606 | D        | Noticed a quicksilver dragon
  4607 | D        | Killed a lorocyproca
  4615 | D        | Noticed a quicksilver dragon
  4616 | D        | Noticed a lorocyproca
  4616 | D        | Noticed a quicksilver dragon
  4619 | D        | Lost mutation: You sometimes lose the ability to read
                  | scrolls when taking damage. [potion of mutation]
  4619 | D        | Lost mutation: You are extremely frail. (-30% HP) [potion
                  | of mutation]
  4619 | D        | Gained mutation: You are partially covered in large bone
                  | plates. (SH +4) [potion of mutation]
  4619 | D        | Gained mutation: Your tail ends in a poisonous barb.
                  | [potion of mutation]
  4619 | D        | HP: 3/127 [quicksilver dragon (7)]
  4619 | D        | Slain by a quicksilver dragon

Illustrated notes

Levels and vault maps discovered:
D:        the_violet_keep_of_menkaure [sprint2_stairs_cluster_1,
          sprint2_shoproom, sprint2_temple, sprint2_basic_supplies,
          sprint2_obstacle_4, sprint2_obstacle_7, sprint2_obstacle_3,
          sprint2_obstacle_1, sprint2_obstacle_6, sprint2_timed_cluster_1,
          sprint2_smallroom_cluster_1, sprint2_smallroom_final_cluster_1,
          sprint2_transparent_cluster_1, sprint2_second_timed_cluster_1,
          sprint2_sniper_area_1, sprint2_heavy_combat_area_1,
          sprint2_mutation_trap_area_1, sprint2_forest_area_1,
          sprint2_light_combat_area_1, sprint2_behind_water_1,
          sprint2_near_end_vault_1]

Skill      XL: |  1  2  3  4  5  6  7  8  9 10 11 12 13 14 |
---------------+-------------------------------------------+-----
Fighting       | 7 9 10 12 13 15 16 18 19 | 19.5
Polearms       | 7 9 10 12 13 14 | 14.0
Dodging        | 4 7 10 12 13 16 | 16.1
Armour         | 6 9 11 12 14 | 14.6
Evocations     | 9 15 | 15.3
Shields        | 9 |  9.0

Action                   |  1- 3 |  4- 6 |  7- 9 | 10-12 | 13-15 || total
-------------------------+-------+-------+-------+-------+-------++-------
Melee: Spear             |     7 |    37 |    61 |       |       ||   105
       Demon trident     |       |       |    28 |   216 |   206 ||   450
       Constrict         |       |       |       |       |    28 ||    28
Invok: Berserk           |     1 |     1 |     4 |     7 |     6 ||    19
       Trog's Hand       |       |       |     2 |     6 |     2 ||    10
       Brothers in Arms  |       |       |       |     2 |       ||     2
 Abil: Spit Poison       |       |       |     2 |       |     1 ||     3
Evoke: Lightning rod     |       |       |       |       |    17 ||    17
  Use: Scroll            |       |       |     1 |     2 |    16 ||    19
       Potion            |       |       |       |     3 |     1 ||     4
 Stab: Sleeping          |       |       |     1 |       |       ||     1
Armor: Animal skin       |       |     2 |     5 |       |       ||     7
       Ring mail         |       |       |     4 |    35 |       ||    39
       Storm dragon scal |       |       |       |    40 |   101 ||   141
Dodge: Dodged            |     2 |     4 |    26 |   118 |    57 ||   207
       Repelled          |       |       |       |     4 |     1 ||     5
Block: Kite shield       |       |       |       |       |    73 ||    73

Table legend: (Time is in decaauts)
 A = Elapsed time spent in this place.
 B = Non-inter-level travel time spent in this place.
 C = Inter-level travel time spent in this place.
 D = Time resting spent in this place.
 E = Time spent auto-exploring this place.
 F = Levels seen in this place.
 G = Mean time per level.
                   A        B        C        D        E       F      G
               +--------+--------+--------+--------+--------+-----+--------+
         Total |   5133 |   4708 |    425 |   2542 |     30 |   1 | 5133.0 |
       Dungeon |   5133 |   4708 |    425 |   2542 |     30 |   1 | 5133.0 |
               +--------+--------+--------+--------+--------+-----+--------+

Top non-repeatable levels by time:
       D: 5133 daAuts
